 Dungeon Crawl Stone Soup version 0.19-a0-1049-g462a813 (webtiles) character file.

0 Jmtri7 the Charlatan (level 1, -1/15 HPs)
             Began as a Formicid Artificer on July 31, 2016.
             Slain by an ice beast (13 damage)
             ... on level 15 of the Dungeon.
             The game lasted 00:00:35 (31 turns).

Jmtri7 the Charlatan (Formicid Artificer)             Turns: 31, Time: 00:00:35

Health: -1/15      AC:  3    Str: 16    XL:     1   Next: 0%
Magic:  3/3        EV: 11    Int: 10    God:
Gold:   0          SH:  0    Dex: 11    Spells: 0 memorised, 0 levels left

rFire  . . .     SeeInvis +     a - +0 short sword
rCold  . . .     Gourm    .     b - +0 leather armour
rNeg   . . .     Faith    .     (no shield)
rPois  .         Spirit   .     (helmet unavailable)
rElec  .         Dismiss  .     (no cloak)
rCorr  .         Reflect  .     (no gloves)
SustAt .         Harm     .     (no boots)
MR     .....                    (no amulet)
Stlth  +.........               (no ring)
                                (no ring)

@: not resistant to hostile enchantments, very unstealthy
A: permanent stasis, dig shafts and tunnels, four strong arms, antennae 3
a: Dig, Shaft Self


You were on level 15 of the Dungeon.
You were not hungry.

You visited 1 branch of the dungeon, and saw 9 of its levels.

Inventory:

Hand Weapons
 a - a +0 short sword (weapon)
Armour
 b - a +0 leather armour (worn)
Wands
 c - a wand of flame (15/48)
 d - a wand of enslavement (11/24)
 e - a wand of random effects (15/48)
Comestibles
 f - a bread ration


   Skills:
 + Level 1.1 Fighting
 + Level 1.0 Short Blades
 + Level 1.7 Dodging
 + Level 1.2 Stealth
 + Level 3.2 Evocations


You couldn't memorise any spells.
You didn't know any spells.

Dungeon Overview and Level Annotations

Branches:
Dungeon (14/15)
 Temple: D:4-7         Lair: D:8-11         Orc: D:9-12      Vaults: D:13-14

Altars:


Innate Abilities, Weirdness & Mutations

You are under a permanent stasis effect.
You can dig through walls and to a lower floor.
Your four strong arms can wield two-handed weapons with a shield.
You have a pair of large antennae on your head. (SInv)


Message History

The ice beast resists with significant effort.
This wand has 13 charges left.
Something bites your gargoyle but does no damage.
Something claws your gargoyle! Something claws your gargoyle.
Zapping:
d - a wand of enslavement (13/24)
Press: ? - help, Shift-Dir - straight line, f/p - ice beast
Aim: an ice beast (chance to defeat MR: 52%)
The ice beast resists with significant effort.
This wand has 12 charges left.
Your gargoyle hits something with a mace!
Something bites your gargoyle. Something claws your gargoyle.
Your gargoyle is destroyed!
Zapping:
d - a wand of enslavement (12/24)
Press: ? - help, Shift-Dir - straight line, f/p - ice beast
Aim: an ice beast (chance to defeat MR: 52%)
The ice beast resists with significant effort.
This wand has 11 charges left.
The ice beast hits you. The ice beast freezes you!
Ouch! That really hurt!
You die...

.. #...#
.####...
.#.....
.....
.... ..#
##.##{
#.@.#
{#.Y....#
.).####.#
..5.. ..
#.###.# #
. #. #.
..


You could see an ice beast and a crimson imp.

Vanquished Creatures (others)
  A gargoyle (D:15)
1 creature vanquished.

Notes
Turn   | Place    | Note
-------+----------+-------------------------------------------
     0 | D:1      | Jmtri7 the Formicid Artificer began the quest for the Orb.
     0 | D:1      | Reached XP level 1. HP: 15/15 MP: 3/3
     6 | D:1      | You fall through a shaft!
     9 | D:2      | You fall through a shaft for 2 floors!
    12 | D:4      | You fall through a shaft for 3 floors!
    15 | D:7      | You fall through a shaft!
    18 | D:8      | You fall through a shaft for 2 floors!
    18 | D:10     | Entered Level 10 of the Dungeon
    21 | D:10     | You fall through a shaft!
    24 | D:11     | You fall through a shaft for 3 floors!
    24 | D:14     | Noticed an orc wizard
    26 | D:14     | Noticed an orc warrior
    27 | D:14     | You fall through a shaft!
    27 | D:15     | Entered Level 15 of the Dungeon
    27 | D:15     | Noticed a gargoyle
    27 | D:15     | Noticed a crimson imp
    29 | D:15     | Noticed an ice beast
    31 | D:15     | Slain by an ice beast

Vault maps used:
D:1:      ncdulo_wetmaze, minmay_shallow_snake_nest
D:2:      minmay_door_path, lemuel_round_altar, uniq_iyjb
D:4:      grunt_qazlal_clouds, nicolae_overflow_hidden_temple, first_bread,
          kennysheep_generic_room_3
D:7:      the_bakery, minivault_27, uniq_joseph, uniq_crazy_yiuf_cottage
D:8:      uniq_psyche
D:10:     grunt_lair_entry_orc_guard_hut, gammafunk_pakellas_its_alive
D:11:     serial_shops, nicolae_shop_window_shopping, uniq_erolcha
D:14:     erik_vaults_2, basic_altar, hangedman_abyss_or_decor_passed,
          serial_bayou_lake_a
D:15:     hangedman_depths_entry_try_elsewhere_first, minmay_misc_feat_x

Action                   || total
-------------------------++-------
 Abil: Shaft Self        ||     8
Evoke: Wand              ||     4
